 Dungeon Crawl Stone Soup version 0.28.0-45-g0d030f2227 (webtiles) character file.

Game seed: 618866934757383231

39 zeratav the Grasshopper (level 3, -1/33 HPs)
             Began as a Naga Warper on Apr 9, 2022.
             Succumbed to an adder's poison
             ... on level 2 of the Dungeon.
             The game lasted 00:02:56 (1799 turns).

zeratav the Grasshopper (Naga Warper)               Turns: 1799, Time: 00:02:57

Health: -1/33      AC:  2    Str: 15    XL:     3   Next: 47%
Magic:  6/6        EV:  9    Int: 13    God:
Gold:   47         SH:  0    Dex: 10    Spells: 6/6 levels left

rFire   . . .      SeeInvis +   e - +1 dagger (venom) {short}
rCold   . . .      Faith    .   (no shield)
rNeg    . . .      Spirit   .   b - +0 leather armour
rPois   +          Reflect  .   (no helmet)
rElec   .          Harm     .   (no cloak)
rCorr   .          Rampage  .   (no gloves)
Will    .....                   (no barding)
Stlth   +.........              (no amulet)
HPRegen 0.11/turn               (no ring)
MPRegen 0.10/turn               (no ring)

@: lethally poisoned (-1 -> -5), very slow
A: AC +1, large, see invisible, deformed body, poison resistance, slowness 2,
spit poison 1, naga tail 1
a: Spit Poison


You were on level 2 of the Dungeon.
You visited 1 branch of the dungeon, and saw 2 of its levels.

You collected 47 gold pieces.


Innate Abilities, Weirdness & Mutations

Your serpentine skin is tough. (AC +1)
You have supernaturally acute eyesight. (SInv)
Armour fits poorly on your strangely shaped body.
Your system is resistant to poisons. (rPois)
You cover ground very slowly.
You can spit poison.
You have a snake-like lower body.


   Skills:
 + Level 2.4 Fighting
 - Level 2.2 Axes
 - Level 0.8 Throwing
 - Level 1.0 Armour
 - Level 1.8 Dodging
 + Level 0.7 Unarmed Combat
 - Level 2.1 Spellcasting
 + Level 3.3 Translocations


You had 6 spell levels left.
You didn't know any spells.
Your spell library contained the following spells:

 Spells                   Type           Power      Damage    Failure   Level
 Blink                    Tloc           20%        N/A       12%         2
 Gell's Gravitas          Tloc           10%        N/A       24%         3
 Lesser Beckoning         Tloc           10%        N/A       24%         3
 Teleport Other           Tloc           10%        N/A       24%         3
 Manifold Assault         Tloc           10%        N/A       91%         5

Inventory:

Hand Weapons
 a - a +0 hand axe {axe}
 e - a +1 dagger of venom (weapon) {short}
   (You took it off a goblin on level 1 of the Dungeon)
Missiles
 d - a boomerang of dispersal (quivered) {=fthrowing}
Armour
 b - a +0 leather armour (worn)
Scrolls
 c - a scroll of blinking {!r}
 g - a scroll of silence {unknown}
 j - a scroll of teleportation {unknown}
Potions
 f - a potion of resistance {unknown}
 h - 2 potions of might {unknown}
 i - a potion of heal wounds {unknown}

Dungeon Overview and Level Annotations

Branches:
Dungeon (2/15)

Altars:

## #. #. #.
####.
#########
#....
#.#.rS#@#†#
#.##.
#.SgS.#.##
#.##.
#..#S#..#.#
#.##. ##.
#.##..##
#.##. #. ..
##..# #.##.
#.# ..? ##.#
#....
#..##..
##..# ######
#..##.##..##
#.....
#..###.†#.#
#.####


You could see an adder, a hobgoblin and 2 ball pythons.


Message History

You hit the quokka.
You kill the quokka!
No target in view!
No target in view!
No target in view!
No target in view!
No target in view!
No target in view!
No target in view!
No target in view!
No target in view!
No target in view!
No target in view!
No target in view!
No target in view!
You see here a quokka corpse.
A hobgoblin comes into view.
The hobgoblin shouts!
The hobgoblin hits you but does no damage.
HP[+10]
Your hp is fully restored (33).
You hit the hobgoblin.
The hobgoblin hits you but does no damage.
You hit the hobgoblin.
You kill the hobgoblin!
A ball python comes into view.
The helpless ball python fails to defend itself.
You hit the ball python.
You kill the ball python!
No target in view!
No target in view!
You see here a ball python corpse.
An adder comes into view.
The adder hisses angrily.
You hear an angry hiss.
A quokka comes into view.
A hobgoblin and an adder come into view.
The hobgoblin shouts!
The adder hisses angrily.
You hear an angry hiss.
A ball python comes into view.
The adder closely misses you.
The adder moves out of view.
You miss the adder. The adder bites you. The quokka bites you.
HP[-6]
You take 6 damage, and now have 27/33 hp.
You miss the adder.
A ball python comes into view.
The hobgoblin hits you. The quokka barely misses you.
The ball python moves out of view.
HP[-1]
You take 1 damage, and now have 26/33 hp.
You hit the adder. The adder bites you. The ball python barely misses you.
The quokka bites you. The hobgoblin misses you. The adder bites you.
HP[-8]
You take 8 damage, and now have 18/33 hp.
MASSIVE DAMAGE!! (PAUSE)
You closely miss the adder.
The ball python bites you but does no damage.
The quokka bites you.
* * * LOW HITPOINT WARNING * * *
The adder closely misses you. The hobgoblin barely misses you.
You barely miss the adder.
The ball python bites you but does no damage.
The quokka closely misses you. The adder bites you.
* * * LOW HITPOINT WARNING * * *
You are poisoned.
The adder poisons you! The hobgoblin hits you.
* * * LOW HITPOINT WARNING * * *
You hit the adder.
The adder is poisoned.
You feel sick. The ball python bites you.
* * * LOW HITPOINT WARNING * * *
The quokka bites you.
* * * LOW HITPOINT WARNING * * *
The adder bites you but does no damage. The hobgoblin hits you.
* * * LOW HITPOINT WARNING * * *
The ball python closely misses you.
The quokka bites you but does no damage.
The adder closely misses you.
You are too injured to fight recklessly!
You are too injured to fight recklessly!
You are too injured to fight recklessly!
You are too injured to fight recklessly!
You are too injured to fight recklessly!
You are too injured to fight recklessly!
You are too injured to fight recklessly!
You are too injured to fight recklessly!
HP[-16]
You take 16 damage, and now have 2/33 hp.
MASSIVE DAMAGE!! (PAUSE)
You are too injured to fight recklessly!
You are too injured to fight recklessly!
You are too injured to fight recklessly!
You are too injured to fight recklessly!
You are too injured to fight recklessly!
You are too injured to fight recklessly!
You are too injured to fight recklessly!
* * * LOW HITPOINT WARNING * * *
You feel sick.
The ball python hisses angrily.
The adder completely misses you.
HP[-1]
You take 1 damage, and now have 1/33 hp.
You die...

Skill      XL: |  1  2 |
---------------+-------+-----
Armour         | 1 |  1.0
Fighting       | |  2.4
Axes           | |  2.2
Throwing       | |  0.8
Dodging        | |  1.8
Unarmed Combat | |  0.7
Spellcasting   | |  2.1
Translocations | |  3.3

Action                   || total
-------------------------++-------
Melee: Hand axe          ||     9
       Dagger            ||    84
Throw: Boomerang         ||     4
 Abil: Spit Poison       ||     1
 Stab: Sleeping          ||     2
Armor: Leather armour    ||    25
Dodge: Dodged            ||    38

Levels and vault maps discovered:
D:1:      psy_arrival_whirlpool, layout_loops_ring,
          nicolae_ecumenical_snake_handling, st_stairs_5
D:2:      minmay_diamond_boxcup, layout_loops_cross

Notes
Turn   | Place    | Note
-------+----------+-------------------------------------------
     0 | D:1      | zeratav the Naga Warper began the quest for the Orb.
     0 | D:1      | Reached XP level 1. HP: 19/19 MP: 3/3
     0 | D:1      | magus.rc [v1.9.6]
   182 | D:1      | Reached XP level 2. HP: 9/26 MP: 5/5
   402 | D:1      | Reached skill level 1 in Armour
   451 | D:1      | Found a faded altar of an unknown god.
  1013 | D:1      | Reached XP level 3. HP: 30/32 MP: 6/6
  1797 | D:2      | HP: 8/33 [poisoned by an adder]
  1797 | D:2      | HP: 3/33 [quokka (4)]
  1798 | D:2      | HP: 1/33 [poisoned by an adder]
  1799 | D:2      | Succumbed to an adder's poison

Vanquished Creatures
  A dart slug (D:1)
  10 ball pythons
  2 endoplasms (D:1)
  4 giant cockroaches
  2 goblins (D:1)
  3 hobgoblins
  2 kobolds
  A quokka (D:2)
  3 bats
  2 frilled lizards (D:1)
  4 rats
34 creatures vanquished.

Table legend:
 A = Non-vault XP
 B = Vault XP
 C = Vault XP percentage of total XP
 D = Non-vault monster count
 E = Vault monster count
 F = Vault count percentage of total count
                 A         B        C        D         E       F
            +---------+---------+-------+---------+---------+-------
      Total |      39 |      18 |  31.6 |      23 |      11 |  32.4
            +---------+---------+-------+---------+---------+-------
        D:1 |      24 |      12 |  33.3 |      14 |       8 |  36.4
        D:2 |      15 |       6 |  28.6 |       9 |       3 |  25.0
            +---------+---------+-------+---------+---------+-------

Illustrated notes

Table legend:
 A = Kills in this place as a percentage of kills in entire the game.
 B = Kills by you in this place as a percentage of kills by you in the entire game.
 C = Kills by friends in this place as a percentage of kills by friends in the entire game.
 D = Other kills in this place as a percentage of other kills in the entire game.
 E = Experience gained in this place as a percentage of experience gained in the entire game.
 F = Experience gained in this place divided by the number of levels of this place that you have seen.
                   A       B       C       D       E      F
               +-------+-------+-------+-------+-------+----------------------
         Total | 100.0 | 100.0 |   N/A |   N/A | 100.0 |  28.5
       Dungeon | 100.0 | 100.0 |   N/A |   N/A | 100.0 |  28.5
               +-------+-------+-------+-------+-------+----------------------

Table legend: (Time is in decaauts)
 A = Elapsed time spent in this place.
 B = Non-inter-level travel time spent in this place.
 C = Inter-level travel time spent in this place.
 D = Time resting spent in this place.
 E = Time spent auto-exploring this place.
 F = Levels seen in this place.
 G = Mean time per level.
                   A        B        C        D        E       F      G
               +--------+--------+--------+--------+--------+-----+--------+
         Total |   2144 |   2091 |     53 |      0 |   1882 |   2 | 1072.0 |
       Dungeon |   2144 |   2091 |     53 |      0 |   1882 |   2 | 1072.0 |
               +--------+--------+--------+--------+--------+-----+--------+

Top non-repeatable levels by time:
     D:1: 1581 daAuts
     D:2: 563 daAuts
